 Dungeon Crawl Stone Soup version 0.18.1-50-g88ac8fd (webtiles) character file.

10775 Gargoyl the Grappler (level 11, -3/107 HPs)
             Began as a Troll Monk on Oct 9, 2016.
             Was an Elder of Elyvilon.
             Slain by a ten-headed hydra (10 damage)
             ... on level 1 of the Lair of Beasts.
             The game lasted 00:22:06 (8661 turns).

Gargoyl the Grappler (Troll Monk)                   Turns: 8661, Time: 00:22:07

Health: -3/107     AC: 12    Str: 24    XL:     11   Next: 40%
Magic:  19/19      EV: 13    Int:  9    God:    Elyvilon [****..]
Gold:   791        SH: 18    Dex: 12    Spells: 0 memorised, 10 levels left

rFire  . . .     SeeInvis .       - Unarmed
rCold  . . .     Gourm    +     G - +2 robe {Archmagi}
rNeg   . . .     Faith    .     w - +2 shield
rPois  .         Spirit   .     F - +2 hat {Int+3}
rElec  .         Dismiss  .     y - +2 cloak
rCorr  +         Reflect  +     (gloves unavailable)
SustAt .         Harm     .     (boots unavailable)
MR     .....                    h - +5 amulet of reflection
Stlth  ++........               K - ring of magical power
                                p - ring of resist corrosion

@: not resistant to hostile enchantments, unstealthy
A: unfitting armour, claws 3, fast metabolism 3, gourmand, regeneration 2,
shaggy fur 1, tough skin 2
a: Lesser Healing, Heal Other, Purification, Greater Healing, Divine Protection,
Renounce Religion


You were on level 1 of the Lair of Beasts.
You worshipped Elyvilon.
Elyvilon was greatly pleased with you.
You were not hungry.

You visited 2 branches of the dungeon, and saw 11 of its levels.

You collected 791 gold pieces.

Inventory:

Hand Weapons
 B - a +3 war axe
Missiles
 x - 7 javelins (quivered)
Armour
 a - a +0 robe
 w - a +2 shield (worn)
 y - a +2 cloak (worn)
 F - a +2 hat of intelligence (worn)
 G - a +2 robe of the Archmagi (worn)
Jewellery
 h - a +5 amulet of reflection (around neck)
 p - a ring of resist corrosion (left claw)
 K - a ring of magical power (right claw)
Wands
 r - a wand of digging (8/24)
 H - a wand of slowing (19/48)
Scrolls
 c - 2 scrolls of teleportation
 e - a scroll of identify
 f - 2 scrolls of remove curse
 g - a scroll of recharging
Potions
 d - 2 potions of heal wounds {unknown}
 i - a potion of haste {unknown}
 j - 2 potions of agility
 k - a potion of degeneration {unknown}
 l - 4 potions of curing
 q - 3 potions of lignification {unknown}
 s - 4 potions of might {unknown}
 t - 2 potions of cancellation {unknown}
 v - a potion of magic {unknown}
 z - 3 potions of cure mutation {unknown}
 A - 3 potions of ambrosia {unknown}
 C - a potion of brilliance {unknown}
 D - 2 potions of invisibility {unknown}
Books
 u - a book of Flames

   Spells                             Type                      Level
   a - Flame Tongue                   Conjuration/Fire             1
   b - Throw Flame                    Conjuration/Fire             2
   c - Conjure Flame                  Conjuration/Fire             3
   d - Inner Flame                    Hexes/Fire                   3
   e - Sticky Flame                   Conjuration/Fire             4
   f - Fireball                       Conjuration/Fire             5
 E - a book of Annihilations

   Spells                             Type                      Level
   a - Poison Arrow                   Conjuration/Poison           6
   b - Chain Lightning                Conjuration/Air              8
   c - Lehudib's Crystal Spear        Conjuration/Earth            8
   d - Glaciate                       Conjuration/Ice              9
   e - Fire Storm                     Conjuration/Fire             9
Miscellaneous
 L - a sack of spiders
Comestibles
 b - 9 bread rations
 m - 2 slices of pizza
 n - 11 fruits
 o - 3 meat rations


   Skills:
 + Level 6.5 Fighting
 + Level 9.3 Dodging
 + Level 2.6 Stealth
 + Level 7.5 Shields
 + Level 9.4 Unarmed Combat
 + Level 0.5 Invocations


You had 10 spell levels left.
You didn't know any spells.

Dungeon Overview and Level Annotations

Branches:
Dungeon (10/15)            Temple (0/1) D:6            Lair (1/8) D:8
    Orc (0/2) D:10

Altars:
Cheibriados
Elyvilon
Makhleb
Nemelex Xobeh
Pakellas
Qazlal
Sif Muna
Xom
Zin


Innate Abilities, Weirdness & Mutations

You are too large for most types of armour.
You have claws for hands.
Your metabolism is lightning-fast.
You like to eat raw meat.
You heal very quickly.
You are covered in fur (AC +1).
You have very tough skin (AC +2).


Message History

The ten-headed hydra bites you.
You scratch the ten-headed hydra.
The ten-headed hydra is moderately wounded.
The ten-headed hydra closely misses you.
You block the ten-headed hydra's attack.
The ten-headed hydra closely misses you. x2
The ten-headed hydra bites you. The ten-headed hydra bites you!
You block the ten-headed hydra's attack.
The ten-headed hydra bites you! x2
* * * LOW HITPOINT WARNING * * *
The ten-headed hydra bites you.
* * * LOW HITPOINT WARNING * * *
You barely miss the ten-headed hydra.
The ten-headed hydra is moderately wounded.
You block the ten-headed hydra's attack.
The ten-headed hydra barely misses you. The ten-headed hydra bites you!
* * * LOW HITPOINT WARNING * * *
The ten-headed hydra closely misses you.
The ten-headed hydra bites you!
You die...

##..##.#
..#####.#####...
.......#
................
#.######
#+♣+#...#......[.#. ###
#.♣..............#.
###.....#..........#.
###........#...........
##....................#.
#..................†..#.
#.D@.##...##......#. #
#.#.♣...#...#......## #
#....#.#...#.....# #
#.....#.#...#.....# #
#..>..#.#♣.>#....#.# #
### #.....#.♣...#...####
###.###
##...##.#..##...#
......# #.♣.###. .##...P
.....## .... .


You could see a ten-headed hydra.

Vanquished Creatures
  Gastronok (D:9)
  Erica (D:8)
  Erolcha (D:8)
  The ghost of cba the Covert, a journeyman OpAs of Dithmenos (D:10)
  The ghost of blejac99 the Covered, a novice HaFi (D:8)
  Joseph (D:8)
  A centaur zombie (D:10)
  Psyche (D:8)
  A spiny frog (Lair:1)
  The ghost of StormFighter the Destroyer, a novice DECj (D:4)
  Eustachio (D:6)
  2 hungry ghosts
  2 hippogriffs
  3 water moccasins
  A porcupine (Lair:1)
  2 orc warriors (D:9)
  A black bear (D:6)
  5 ice beasts
  3 phantoms
  5 ogres
  A wasp (D:10)
  A necrophage (D:8)
  3 centaurs
  A crocodile (Lair:1)
  2 big kobolds (D:9)
  6 giant frogs
  A gnoll sergeant (D:7)
  3 scorpions (D:7)
  3 killer bees (D:9)
  4 wights (D:8)
  4 howler monkeys
  2 crimson imps
  A giant frog zombie (D:9)
  A quasit (D:8)
  2 hounds (D:4)
  A jelly (D:6)
  An orc priest (D:9)
  A centaur skeleton (D:6)
  3 iguanas
  A gnoll shaman (D:7)
  10 worker ants
  An orc wizard (D:9)
  A killer bee zombie (D:7)
  A howler monkey zombie (D:7)
  2 worker ant zombies
  7 gnolls (D:7)
  7 adders
  10 river rats (Lair:1)
  3 shadow imps
  An ooze (D:2)
  2 adder zombies
  An adder skeleton (D:4)
  3 worms
  2 dart slugs
  3 giant geckos
  28 orcs
  5 bats
  3 giant cockroaches
  3 goblins (D:2)
  9 hobgoblins
  10 jackals
  14 kobolds
  5 quokkas
  A giant gecko skeleton (D:7)
  2 giant newts
  A jackal skeleton (D:4)
  8 rats
  A fungus (D:8)
221 creatures vanquished.

Vanquished Creatures (others)
  A worker ant (D:8)
  A ball python (D:2)
  A bat (D:2)
  A kobold (D:9)
4 creatures vanquished.

Grand Total: 225 creatures vanquished

Notes
Turn   | Place    | Note
--------------------------------------------------------------
     0 | D:1      | Gargoyl the Troll Monk began the quest for the Orb.
     0 | D:1      | Reached XP level 1. HP: 22/22 MP: 0/0
   184 | D:1      | Reached XP level 2. HP: 29/29 MP: 1/1
   269 | D:1      | Found a shimmering altar of Xom.
   749 | D:2      | Found a stormy altar of Qazlal.
   805 | D:2      | Reached XP level 3. HP: 33/36 MP: 2/2
  1068 | D:2      | Found a white marble altar of Elyvilon.
  1149 | D:2      | Became a worshipper of Elyvilon the Healer
  1149 | D:2      | Reached * piety under Elyvilon
  1149 | D:2      | Reached ** piety under Elyvilon
  1361 | D:3      | Reached XP level 4. HP: 42/44 MP: 3/3
  1925 | D:4      | Noticed StormFighter's ghost (novice DECj)
  1948 | D:4      | Killed StormFighter's ghost
  1948 | D:4      | Reached skill level 5 in Unarmed Combat
  1948 | D:4      | Reached XP level 5. HP: 22/53 MP: 4/4
  1948 | D:4      | Reached XP level 6. HP: 26/61 MP: 5/5
  2217 | D:4      | Found a shimmering altar of Xom.
  2276 | D:4      | Reached XP level 7. HP: 61/68 MP: 6/6
  2324 | D:4      | Reached skill level 1 in Shields
  2752 | D:5      | Entered Level 5 of the Dungeon
  2777 | D:4      | Reached skill level 5 in Dodging
  3082 | D:5      | Reached XP level 8. HP: 78/78 MP: 7/7
  3119 | D:5      | Found a snail-covered altar of Cheibriados.
  3120 | D:5      | Found an oddly glowing altar of Pakellas.
  3122 | D:5      | Found a burning altar of Makhleb.
  3122 | D:5      | Found a deep blue altar of Sif Muna.
  3159 | D:5      | You fall through a shaft!
  3237 | D:6      | Reached *** piety under Elyvilon
  3573 | D:6      | Noticed Eustachio
  3593 | D:6      | Killed Eustachio
  3593 | D:6      | Was placed under penance by Elyvilon
  3673 | D:6      | Found a glowing silver altar of Zin.
  3981 | D:6      | Found a staircase to the Ecumenical Temple.
  4182 | D:7      | Reached XP level 9. HP: 79/85 MP: 8/8
  4188 | D:7      | Was forgiven by Elyvilon
  5095 | D:7      | Reached skill level 5 in Fighting
  5241 | D:8      | Noticed Erolcha
  5261 | D:8      | Reached skill level 5 in Shields
  5272 | D:8      | Killed Erolcha
  5412 | D:8      | Noticed Erica
  5428 | D:8      | Killed Erica
  5428 | D:8      | Reached XP level 10. HP: 44/96 MP: 9/9
  5450 | D:8      | Found a staircase to the Lair.
  5453 | D:8      | Noticed Joseph
  5481 | D:8      | Killed Joseph
  5601 | D:8      | Noticed Psyche
  5613 | D:8      | Killed Psyche
  5689 | D:8      | Found a sparkling altar of Nemelex Xobeh.
  5736 | D:8      | Noticed blejac99's ghost (novice HaFi)
  5763 | D:8      | Killed blejac99's ghost
  6481 | D:9      | Noticed Gastronok
  6510 | D:9      | Killed Gastronok
  6510 | D:9      | Reached XP level 11. HP: 51/105 MP: 10/10
  6637 | D:9      | Reached **** piety under Elyvilon
  7360 | D:10     | Entered Level 10 of the Dungeon
  7367 | D:10     | Noticed cba's ghost (journeyman OpAs)
  7387 | D:10     | Killed cba's ghost
  7532 | D:10     | Found a staircase to the Orcish Mines.
  8138 | Lair:1   | Entered Level 1 of the Lair of Beasts
  8654 | Lair:1   | Noticed an eight-headed hydra
  8661 | Lair:1   | Slain by a ten-headed hydra

Skill      XL: |  1  2  3  4  5  6  7  8  9 10 11 |
---------------+----------------------------------+-----
Dodging        | 3 4 5 6 8 9 |  9.3
Fighting       | 3 4 5 6 |  6.5
Unarmed Combat | 5 6 7 9 |  9.4
Shields        | 2 4 5 6 7 |  7.5
Stealth        | 2 |  2.6
Invocations    | |  0.5

Action                   |  1- 3 |  4- 6 |  7- 9 | 10-12 || total
-------------------------+-------+-------+-------+-------++-------
Melee: Unarmed           |   109 |    77 |   323 |   338 ||   847
       Punch             |     4 |       |       |       ||     4
Invok: Divine Protection |       |     1 |     1 |     2 ||     4
       Purification      |       |       |       |     3 ||     3
  Use: Scroll            |       |     5 |    10 |     7 ||    22
       Potion            |       |     1 |       |       ||     1
 Stab: Sleeping          |       |     2 |     2 |     2 ||     6
  Eat: Chunk             |     9 |       |    33 |    26 ||    68
       Bread ration      |     1 |     1 |       |       ||     2
       Meat ration       |       |       |       |     1 ||     1
       Beef jerky        |       |       |       |     1 ||     1
Armor: Robe              |    50 |    11 |    53 |    47 ||   161
Dodge: Dodged            |    79 |     6 |    89 |    86 ||   260
Block: Shield            |       |    31 |   296 |   279 ||   606
       Reflection        |       |     1 |     1 |    11 ||    13
